 Dungeon Crawl Stone Soup version 0.30.0 (webtiles) character file.

Game seed: 16120711622367370317

910 Esekla the Magician (level 7, -2/56 HPs)
             Began as a Red Draconian Wanderer on May 6, 2023.
             Was a Follower of Uskayaw.
             Splashed by a jelly's acid (9 damage)
             ... on level 5 of the Dungeon.
             The game lasted 00:38:01 (4533 turns).

Esekla the Magician (Red Draconian Wanderer)        Turns: 4533, Time: 00:38:01

Health: -2/56      AC: -10   Str: 12    XL:     7   Next: 81%
Magic:  20/21      EV: 12    Int: 15    God:    Uskayaw [*.....]
Gold:   256        SH:  0    Dex: 16    Spells: 8/13 levels left

rFire   + . .        a - +0 falchion
rCold   . . .        (no shield)
rNeg    . . .        (body armour unavailable)
rPois   .            (helmet restricted)
rElec   .            (no cloak)
rCorr   .            (no gloves)
SInv    .            (no boots)
Will    +....        (no amulet)
Stlth   ++           k - +4 ring of protection
HPRegen 0.29/turn    p - ring "Efaos" {+Blink Will+ MP+9 Dex+4}
MPRegen 0.17/turn

%: no passive effects
@: corroded
A: breathe fire, AC +6, unfitting armour, fire resistance 1, cold-blooded
a: Breathe Fire, Renounce Religion, Evoke Blink, Stomp


You were on level 5 of the Dungeon.
You worshipped Uskayaw.
Uskayaw was noncommittal.
You visited 1 branch of the dungeon, and saw 5 of its levels.

You collected 256 gold pieces.

Inventory:

Hand Weapons
 a - a +0 falchion (weapon)
 m - a +4 spear
 s - a +0 dagger
Missiles
 i - 2 throwing nets
 u - 6 poisoned darts (quivered)
Armour
 q - a +0 pair of boots
Jewellery
 k - a +4 ring of protection (left hand)
 n - a ring of wizardry
 p - the ring "Efaos" (right hand) {+Blink Will+ MP+9 Dex+4}
   (You found it on level 3 of the Dungeon)

   [ring of magical power]

   Dex:       It affects your dexterity (+4).
   MP:        It affects your magic capacity (+9).
   +Blink:    It lets you blink.
   Will:      It increases your willpower.
Wands
 e - a wand of roots (7)
Scrolls
 f - 7 scrolls of identify {unknown}
 h - a scroll of noise {unknown}
 l - 2 scrolls of enchant armour {unknown}
 r - a scroll of fear {unknown}
 t - a scroll of amnesia {unknown}
 v - 2 scrolls of fog {unknown}
 x - a scroll of immolation {unknown}
Potions
 c - 9 potions of curing
 d - a potion of might {unknown}
 g - a potion of cancellation {unknown}
 j - a potion of brilliance {unknown}
 o - a potion of flight {unknown}
 w - a potion of attraction {unknown}
 z - a potion of lignification {unknown}
 A - a potion of degeneration {unknown}
 B - a potion of haste {unknown}
 C - a potion of magic {unknown}
Miscellaneous
 b - a piece from Xom's chessboard (15/15)


   Skills:
 * Level 2.7 Fighting
 + Level 0.7(2.3) Short Blades
 * Level 3.5(3.6) Long Blades
 + Level 1.0 Throwing
 + Level 1.4 Dodging
 + Level 1.2 Stealth
 * Level 3.8 Spellcasting
 * Level 2.2 Conjurations
 + Level 1.3 Transmutations
 * Level 3.6 Air Magic
 + Level 3.1 Poison Magic
 + Level 1.0 Invocations
 * Level 3.4 Evocations


You had 8 spell levels left.
You knew the following spells:

 Your Spells              Type           Power      Damage    Failure   Level
a - Sting                 Tmut/Pois      36%        1d4       8%          1
c - Mephitic Cloud        Conj/Pois/Air  11%        N/A       16%         3
p - Apportation           Tloc           4%         N/A       19%         1

Your spell library contained the following spells:

 Spells                   Type           Power      Damage    Failure   Level
 Cigotuvi's Dreadful Rot  Necr/Pois/Air  18%        N/A       11%         2
 Necrotise                Necr           8%         1d4       19%         1
 Summon Small Mammal      Summ           8%         N/A       19%         1
 Spider Form              Tmut/Pois      9%         N/A       22%         3
 Lesser Beckoning         Tloc           4%         N/A       28%         2
 Gell's Gravitas          Tloc           2%         N/A       50%         3
 Teleport Other           Tloc           2%         N/A       50%         3
 Dispel Undead            Necr           2%         3d7       88%         4
 Death Channel            Necr           1%         N/A       100%        6


Dungeon Overview and Level Annotations

Branches:
Dungeon (5/15)
 Temple: D:4-7

Altars:
Fedhas
Uskayaw
Zin
The Shining One


Innate Abilities, Weirdness & Mutations

You can breathe blasts of fire.
Your fiery red scales are hard. (AC +6)
You cannot fit into any form of body armour.
Your flesh is heat resistant. (rF+)
You are cold-blooded and may be slowed by cold attacks.


Message History

The jelly closely misses you. x2
You can now pass through a line of other dancers.
You hit the jelly but do no damage.
Your hands burn!
You tail-slap the jelly, but do no damage.
The jelly is severely wounded.
The jelly closely misses you.
You hit the jelly but do no damage. The acid corrodes you!
Your hands burn!
The jelly is severely wounded.
The jelly hits you but does no damage.
You barely miss the jelly.
The jelly is severely wounded.
The jelly hits you. The acid corrodes you!
You are splashed with acid!
You hit the jelly.
Your hands burn!
The jelly is almost dead.
The jelly closely misses you.
You barely miss the jelly.
The jelly is almost dead.
The jelly barely misses you.
You hit the jelly but do no damage. The acid corrodes you!
Your hands burn!
The jelly is almost dead.
The jelly hits you. The acid corrodes you!
You are splashed with acid!
You hit the jelly but do no damage.
Your hands burn!
The jelly is almost dead.
The jelly barely misses you.
You hit the jelly but do no damage.
Your hands burn!
The jelly is almost dead.
The jelly hits you.
You are splashed with acid!
* * * LOW HITPOINT WARNING * * *
You can no longer pass through a line of other dancers.
Casting: Mephitic Cloud (dangerous; 16% risk of failure)
Confirm with . or Enter, or press ? or * to list all spells.
Aiming: Sting (safe; 8% risk of failure)
Press: ? - help, Shift-Dir - straight line, f - jelly
Aim: a jelly (almost dead, 100% to hit)
The sting hits the jelly.
The jelly is poisoned.
The jelly is almost dead.
The jelly hits you.
* * * LOW HITPOINT WARNING * * *
You are splashed with acid!
You die...

#.....## #.....##
#....... #.......
#....... ##########
#....... #........#
#....... #.....J..#
#....... #.....@..#
#.......
#........####
########
#...........######
######...........#
#.............######
#....##)........##..
#....#######....'..#
#....# #....##.#
#....# #....##.#


You could see a jelly (poisoned).

Vanquished Creatures
  Sigmund (D:4)
  Eustachio (D:4)
  Duvessa (D:5)
  An ogre (D:5)
  Dowan (D:5)
  2 jellies
  2 iguanas
  Natasha (D:3)
  12 gnolls
  4 adders
  An ufetubus (D:5)
  2 worms (D:2)
  A dart slug (D:5)
  3 orcs (D:5)
  8 endoplasms
  4 giant cockroaches
  6 goblins
  5 hobgoblins
  9 jackals
  3 quokkas
  2 training dummies (D:5)
  6 ball pythons
  2 bats
  7 frilled lizards
  5 kobolds
  5 rats
95 creatures vanquished.

Vanquished Creatures (others)
  4 fungi (D:2)
  4 plants (D:2)
8 creatures vanquished.

Grand Total: 103 creatures vanquished

Notes
Turn   | Place    | Note
-------+----------+-------------------------------------------
     0 | D:1      | Esekla the Draconian Wanderer began the quest for the Orb.
     0 | D:1      | Esekla set off with the following items: a +0 falchion, a
                  | piece from Xom's chessboard (15/15), a potion of curing;
                  | and the following spell memorised: Sting; and the following
                  | spells available to memorise: Spider Form, Mephitic Cloud.
     0 | D:1      | Reached XP level 1. HP: 14/14 MP: 3/3
   114 | D:1      | Reached skill level 1 in Fighting
   157 | D:1      | Reached XP level 2. HP: 23/23 MP: 5/5
   532 | D:2      | Learned a level 1 spell: Apportation
   892 | D:2      | Reached XP level 3. HP: 28/28 MP: 1/6
   957 | D:1      | Learned a level 3 spell: Mephitic Cloud
   986 | D:2      | Reached skill level 1 in Air Magic
  1400 | D:2      | Found a faded altar of an unknown god.
  1403 | D:2      | Prayed at the altar of an unknown god.
  1403 | D:2      | Became a worshipper of Uskayaw the Reveller
  1403 | D:2      | Reached * piety under Uskayaw
  1548 | D:2      | Reached XP level 4. HP: 15/35 MP: 5/8
  1718 | D:2      | Identified the +4 whip of the Fray {freeze, Will+ Int+3
                  | Dex+2}
  2247 | D:3      | Reached skill level 1 in Conjurations
  2364 | D:3      | Identified the ring "Efaos" {+Blink Will+ MP+9 Dex+4}
  2863 | D:4      | Noticed Eustachio
  2874 | D:4      | Reached ** piety under Uskayaw
  2886 | D:4      | Killed Eustachio
  2887 | D:4      | Reached skill level 1 in Transmutations
  2887 | D:4      | Reached XP level 5. HP: 39/41 MP: 9/9
  2887 | D:4      | Reached XP level 6. HP: 46/48 MP: 10/10
  2891 | D:4      | Noticed Sigmund
  2916 | D:4      | Killed Sigmund
  3075 | D:4      | Noticed Natasha
  3353 | D:3      | Killed Natasha
  3493 | D:4      | Your scales start taking on a fiery red colour.
  3493 | D:4      | Reached XP level 7. HP: 54/56 MP: 12/12
  3493 | D:4      | Gained mutation: Your flesh is heat resistant. (rF+) [Red
                  | Draconian growth]
  3620 | D:4      | Found a glowing silver altar of Zin.
  3621 | D:4      | Found a blossoming altar of Fedhas.
  3622 | D:4      | Found a hide-covered altar of Uskayaw.
  3622 | D:4      | Found a glowing golden altar of the Shining One.
  3808 | D:5      | Entered Level 5 of the Dungeon
  4364 | D:5      | Noticed Duvessa
  4365 | D:5      | Noticed Dowan
  4379 | D:5      | Killed Duvessa
  4380 | D:5      | Reached skill level 1 in Stealth
  4382 | D:5      | Killed Dowan
  4533 | D:5      | Splashed by a jelly's acid

Illustrated notes

Levels and vault maps discovered:
D:1:      matt_arrival_grand_opening, layout_rooms, st_stairs_12
D:2:      layout_basic, shapermc_ecumenical_altar_mp_urbaneastern,
          grunt_ministairs_14, minmay_randomly_rotated_circles
D:3:      layout_basic
D:4:      layout_rooms, mainiacjoe_overflow_alcove_3, uniq_sigmund,
          uniq_natasha, uniq_eustachio
D:5:      dreamdust_elfheim, layout_basic

Skill      XL: |  1  2  3  4  5  6  7 |
---------------+----------------------+-----
Fighting       | 1 2 |  2.7
Air Magic      | 1 2 3 |  3.6
Conjurations   | 1 2 |  2.2
Long Blades    | 2 3 |  3.5
Spellcasting   | 3 |  3.8
Transmutations | 1 |  1.3
Evocations     | 3 |  3.4
Stealth        | 1 |  1.2
Poison Magic   | 3 |  3.1
Short Blades   | |  0.7
Throwing       | |  1.0
Dodging        | |  1.4
Invocations    | |  1.0

Action                     |  1- 3 |  4- 6 |  7- 9 || total
---------------------------+-------+-------+-------++-------
  Melee: Falchion          |    97 |    74 |    31 ||   202
         Tailslap          |    14 |    10 |     7 ||    31
         Punch             |     3 |     2 |     1 ||     6
         Dagger            |     3 |    32 |    25 ||    60
         Spear             |       |     1 |       ||     1
  Throw: Dart              |       |     5 |       ||     5
   Cast: Sting             |    26 |    34 |    20 ||    80
         Apportation       |     1 |       |       ||     1
         Mephitic Cloud    |     1 |    12 |     3 ||    16
Ability: Evoke Blink       |       |     1 |       ||     1
         Breathe Fire      |       |       |     3 ||     3
  Evoke: Wand              |       |     1 |       ||     1
    Use: Potion            |     1 |       |       ||     1
   Stab: Confused          |       |     5 |     2 ||     7
         Sleeping          |       |       |     3 ||     3
 Armour: Skin              |    46 |    44 |    12 ||   102
  Dodge: Dodged            |    97 |    68 |    40 ||   205
